 Dungeon Crawl Stone Soup version 0.18.1-8-gdd0e5ea (webtiles) character file.

122 taran the Poker (level 5, -7/38 HPs)
             Began as a Merfolk Skald on June 5, 2016.
             Was a Follower of Qazlal.
             Killed by divine providence
             ... invoked by an orc priest
              (15 damage)
             ... on level 3 of the Dungeon.
             The game lasted 00:25:57 (2030 turns).

taran the Poker (Merfolk Skald)                     Turns: 2030, Time: 00:26:00

Health: -7/38      AC:  7    Str: 12    XL:     5   Next: 6%
Magic:  0/8        EV: 11    Int: 12    God:    Qazlal [*.....]
Gold:   156        SH:  1    Dex: 14    Spells: 1 memorised, 7 levels left

rFire  . . .     SeeInvis .     a - +0 spear
rCold  . . .     Gourm    .     i - +0 leather armour
rNeg   . . .     Faith    .     (no shield)
rPois  .         Spirit   .     k - +0 helmet
rElec  .         Dismiss  .     (no cloak)
rCorr  .         Reflect  .     h - +2 pair of gloves
SustAt .         Harm     .     (no boots)
MR     .....                    (no amulet)
Stlth  +.........               (no ring)
                                (no ring)

@: infused (expiring), very slightly contaminated, not resistant to hostile
enchantments, very unstealthy
A: change form in water, swift swim
a: Renounce Religion


You were on level 3 of the Dungeon.
You worshipped Qazlal.
Qazlal was aware of your devotion.
You were not hungry.

You visited 1 branch of the dungeon, and saw 3 of its levels.

You collected 156 gold pieces.

Inventory:

Hand Weapons
 a - a +0 spear (weapon)
 b - a +0 hunting sling
Missiles
 e - 83 stones (quivered)
 l - 29 sling bullets
Armour
 h - a +2 pair of gloves (worn)
 i - a +0 leather armour (worn)
 k - a +0 helmet (worn)
 s - a +0 leather armour
Scrolls
 f - 2 scrolls of blinking {unknown}
 j - a scroll of recharging {unknown}
 m - a scroll of random uselessness {unknown}
 p - 2 scrolls of identify {unknown}
 r - a scroll of remove curse {unknown}
Potions
 g - a potion of heal wounds {unknown}
 o - a potion of might {unknown}
 q - 2 potions of curing {unknown}
Books
 c - a book of Battle

   Spells                             Type                      Level
   a - Infusion                       Charms                       1
   b - Shroud of Golubria             Charms/Translocation         2
   c - Song of Slaying                Charms                       2
   d - Spectral Weapon                Hexes/Charms                 3
   e - Regeneration                   Charms/Necromancy            3
Comestibles
 d - a bread ration
 t - a meat ration


   Skills:
 - Level 2.1 Fighting
 + Level 7.4 Polearms
 - Level 0.6 Armour
 - Level 1.3 Dodging
 - Level 2.0 Spellcasting
 - Level 3.2 Charms


You had 7 spell levels left.
You knew the following spells:

 Your Spells              Type           Power        Failure   Level  Hunger
a - Infusion              Chrm           #...         12%         1    ##.....


Dungeon Overview and Level Annotations

Branches:
Dungeon (3/15)

Altars:
Gozag
Okawaru
Qazlal
Trog


Message History

You reach to attack!
You barely miss the orc priest.
The orc priest is moderately wounded.
You hit the orc priest!
The orc priest is severely wounded.
Your leather armour prevents you from hitting the orc priest.
The orc priest is severely wounded.
The orc priest hits you with a flail.
* * * LOW HITPOINT WARNING * * *
You barely miss the orc priest.
The orc priest is severely wounded.
The orc priest hits you but does no damage.
You hit the orc priest.
The orc priest is almost dead.
You hit the orc priest but do no damage.
The orc priest is almost dead.
You hear the brisk rusting of a distant drain.
Your magical infusion is running out.
The orc priest invokes the aid of Beogh against you.
Beogh smites you!
You die...

#.# #.# #.##### ##########......
##......##...## #
#.........o...## .# ###
#.#)##.##......# .. ##.####
#...#...#......##.#.. #.....#
#..ยง@o..............> ####.##.##
#....._...........##.
#......#.####...........#.######.
#.##..###......)#...#.....# #.
#.##.#.#.######.##.##...#.# #.
#.##....#######........##.# #.
#.####..##..........#..##.# #.
#.# .............##.......######.
#...)...#........##.##.##........


You could see an orc priest.

Vanquished Creatures
  6 adders
  2 oozes
  A worm (D:2)
  A dart slug (D:2)
  A giant gecko (D:3)
  2 orcs (D:3)
  7 bats
  2 giant cockroaches
  3 goblins
  5 hobgoblins
  12 kobolds
  3 giant newts
  6 rats
51 creatures vanquished.

Notes
Turn   | Place    | Note
--------------------------------------------------------------
     0 | D:1      | taran the Merfolk Skald began the quest for the Orb.
     0 | D:1      | Reached XP level 1. HP: 16/16 MP: 3/3
   423 | D:1      | Reached skill level 4 in Polearms
   423 | D:1      | Reached XP level 2. HP: 20/22 MP: 5/5
   681 | D:1      | Reached XP level 3. HP: 27/27 MP: 6/6
   702 | D:1      | Reached skill level 5 in Polearms
  1018 | D:2      | Found a faded altar to an unknown god.
  1236 | D:2      | Found a bloodstained altar of Trog.
  1255 | D:2      | Reached skill level 6 in Polearms
  1255 | D:2      | Reached XP level 4. HP: 33/33 MP: 2/7
  1580 | D:2      | Became a worshipper of Qazlal Stormbringer
  1580 | D:2      | Reached * piety under Qazlal
  1677 | D:3      | Reached skill level 7 in Polearms
  1767 | D:3      | Found an opulent altar of Gozag.
  1822 | D:3      | Reached XP level 5. HP: 38/38 MP: 8/8
  1823 | D:3      | Found an iron altar of Okawaru.
  2030 | D:3      | Killed from afar by an orc priest

Skill      XL: |  1  2  3  4 |
---------------+-------------+-----
Polearms       | 4 6 7 |  7.4
Fighting       | |  2.1
Armour         | |  0.6
Dodging        | |  1.3
Spellcasting   | |  2.0
Charms         | |  3.2

Action                   |  1- 3 |  4- 6 || total
-------------------------+-------+-------++-------
Melee: Spear             |   121 |    71 ||   192
 Fire: Hunting sling     |     2 |     7 ||     9
Throw: Stone             |    11 |       ||    11
 Cast: Infusion          |     9 |     5 ||    14
 Stab: Sleeping          |     1 |       ||     1
  Eat: Chunk             |     1 |     3 ||     4
Armor: Leather armour    |    47 |    15 ||    62
Dodge: Dodged            |    51 |    18 ||    69
Block: Other             |       |     1 ||     1
